 Dungeon Crawl Stone Soup version 0.25.0-41-g26779e291d (webtiles) character file.

Game seed: 17266022215230275244

60 Kold the Cudgeler (level 3, -1/27 HPs)
             Began as a Demonspawn Gladiator on July 10, 2020.
             Killed from afar by an orc wizard (4 damage)
             ... with a magic dart
             ... on level 3 of the Dungeon.
             The game lasted 00:02:29 (1985 turns).

Kold the Cudgeler (Demonspawn Gladiator)            Turns: 1985, Time: 00:02:29

Health: -1/27      AC:  4    Str: 14    XL:     3   Next: 82%
Magic:  3/3        EV: 12    Int:  9    God:
Gold:   112        SH:  0    Dex: 15    Spells: 2/2 levels left

rFire    . . .     SeeInvis .   n - +2 whip (venom)
rCold    . . .     Gourm    .   (no shield)
rNeg     . . .     Faith    .   b - +0 leather armour
rPois    .         Spirit   .   c - +0 helmet
rElec    .         Reflect  .   (no cloak)
rCorr    .         Harm     .   (no gloves)
MR       .....                  (no boots)
Stlth    +.........             (no amulet)
HPRegen  0.09/turn              (no ring)
MPRegen  0.08/turn              (no ring)

@: drained
A: rot immunity
a: no special abilities


You were on level 3 of the Dungeon.
You were not hungry.

You visited 1 branch of the dungeon, and saw 3 of its levels.

You collected 112 gold pieces.

Inventory:

Hand Weapons
 a - a +0 flail
 n - a +2 whip of venom (weapon)
Missiles
 d - 3 throwing nets (quivered)
Armour
 b - a +0 leather armour (worn)
 c - a +0 helmet (worn)
Scrolls
 e - 2 scrolls of random uselessness {unknown}
 i - a scroll of enchant armour {unknown}
 j - 3 scrolls of remove curse {unknown}
 m - a scroll of magic mapping {unknown}
 o - a scroll of amnesia {unknown}
 p - a scroll of fear {unknown}
 q - a scroll of teleportation {unknown}
 r - a scroll of fog {unknown}
 s - 2 scrolls of identify {unknown}
Potions
 h - 2 potions of heal wounds {unknown}
 k - 4 potions of curing {unknown}
 l - 2 potions of degeneration {unknown}
Comestibles
 f - 4 rations
 g - a chunk of flesh


   Skills:
 - Level 2.0(1.0) Fighting
 + Level 4.3(3.3) Maces & Flails
 - Level 1.7(0.8) Throwing
 - Level 2.6(1.6) Dodging


You had 2 spell levels left.
You didn't know any spells.
Your spell library was empty.

Dungeon Overview and Level Annotations

Branches:
Dungeon (3/15)

Altars:
Nemelex Xobeh


Innate Abilities, Weirdness & Mutations

You are immune to rotting.


Message History

The orc wizard is moderately wounded.
The orc wizard casts a spell.
The orc wizard flickers and vanishes!
Deactivating autopickup; reactivate with Ctrl-A.
You hit something but do no damage.
You hear some strange, mumbled words.
A magic dart appears from out of thin air!
The magic dart hits you!
You hit something. Something hits you.
* * * LOW HITPOINT WARNING * * *
You feel drained.
* * * LOW HITPOINT WARNING * * *
You hit something. Something hits you.
* * * LOW HITPOINT WARNING * * *
You feel drained.
Things that are here:
a bat skeleton; a hobgoblin skeleton A magic dart appears from out of thin air!
The magic dart hits you.
You die...

#.# #.# #.# #.#
#.# #.# #.
#########.####....
.......@÷b.)......
#########{.....$..
##........
.......%#
#..###### ....
#..#. #..#.# ..# .


You could see a bat.

Vanquished Creatures
  2 oozes
  A worm (D:2)
  2 dart slugs
  2 leopard geckos
  4 orcs (D:2)
  8 bats
  A giant cockroach (D:3)
  4 hobgoblins
  3 kobolds (D:1)
  A quokka (D:3)
  3 frilled lizards
  3 goblins
  3 rats
37 creatures vanquished.

Notes
Turn   | Place    | Note
-------+----------+-------------------------------------------
     0 | D:1      | Kold the Demonspawn Gladiator began the quest for the Orb.
     0 | D:1      | Reached XP level 1. HP: 16/16 MP: 1/1
   178 | D:1      | Reached skill level 3 in Maces & Flails
   323 | D:1      | Gained mutation: You are immune to rotting. [demonic
                  | ancestry]
   323 | D:1      | Reached XP level 2. HP: 22/22 MP: 2/2
   989 | D:2      | Reached XP level 3. HP: 24/27 MP: 3/3
  1078 | D:2      | Found a sparkling altar of Nemelex Xobeh.
  1327 | D:2      | Reached skill level 4 in Maces & Flails
  1985 | D:3      | Killed from afar by an orc wizard

Illustrated notes

Levels and vault maps discovered:
D:1:      psy_arrival_wood_between_worlds, layout_loops_ring
D:2:      layout_loops_cross, nemelex_xobeh_ov_fountains_minmay
D:3:      layout_loops_ring, first_ration, uniq_sigmund

Skill      XL: |  1  2  3 |
---------------+----------+-----
Maces & Flails | 3 4 |  4.3
Fighting       | |  2.0
Throwing       | |  1.7
Dodging        | |  2.6

Action                   || total
-------------------------++-------
Melee: Flail             ||    28
       Whip              ||    76
  Eat: Chunk             ||     3
Armor: Leather armour    ||    35
Dodge: Dodged            ||    73
